 Dungeon Crawl Stone Soup version 0.31-a0-198-g2ad674f65e (webtiles) character file.

Game seed: 4623996035467933292

76 qw the Shooter (level 4, -2/25 HPs)
             Began as a Deep Elf Hunter on June 25, 2023.
             Slain by an orc
             ... wielding a +1 short sword of electrocution
              (4 damage)
             ... on level 3 of the Dungeon.
             The game lasted 00:00:38 (1788 turns).

qw the Shooter (Deep Elf Hunter)                    Turns: 1788, Time: 00:00:38

Health: -2/25      AC:  6    Str: 10    XL:     4   Next: 12%
Magic:  6/6        EV: 12    Int: 14    God:
Gold:   101        SH:  0    Dex: 18    Spells: 3/3 levels left

rFire   . . .        Y - +0 shortbow
rCold   . . .        (shield currently unavailable)
rNeg    . . .        i - +3 leather armour
rPois   +            (no helmet)
rElec   .            (no cloak)
rCorr   .            (no gloves)
SInv    .            (no boots)
Will    +....        (no amulet)
Stlth   ++           h - ring of poison resistance
HPRegen 0.24/turn    b - ring of willpower
MPRegen 0.10/turn

%: no passive effects
@: no status effects
A: no striking features
a: no special abilities


You were on level 3 of the Dungeon.
You visited 1 branch of the dungeon, and saw 3 of its levels.

You collected 101 gold pieces.


   Skills:
 - Level 1.5 Fighting
 + Level 7.5 Ranged Weapons
 - Level 2.4 Dodging
 - Level 1.2 Stealth


You had 3 spell levels left.
You didn't know any spells.
Your spell library was empty.

Inventory:

Hand Weapons
 Y - a +0 shortbow (weapon)
Armour
 i - a +3 leather armour (worn)
Jewellery
 b - a ring of willpower (right hand)
 h - a ring of poison resistance (left hand)
Scrolls
 j - a scroll of identify
Potions
 a - a potion of degeneration {unknown}
 c - a potion of haste
 e - a potion of attraction {unknown}
 g - a potion of might {unknown}

Dungeon Overview and Level Annotations

Branches:
Dungeon (3/15)

Altars:


Message History

The arrow hits the orc but does no damage.
The orc is lightly wounded.
You shoot an arrow. The arrow hits the orc.
The orc is almost dead.
The orc hits you but does no damage.
You shoot an arrow. The arrow barely misses the orc.
The orc hits you with a +0 hand axe. The orc hits you but does no damage.
You shoot an arrow. The arrow closely misses the orc.
The orc barely misses you. The orc closely misses you.
You shoot an arrow.
The arrow hits the orc but does no damage.
The orc is almost dead.
The orc closely misses you. x2
You shoot an arrow. The arrow hits the orc.
You kill the orc!
The orc hits you but does no damage.
You shoot an arrow.
The arrow hits the orc but does no damage.
You shoot an arrow. The arrow hits the orc.
The orc is severely wounded.
The orc closely misses you. The orc hits you but does no damage. x2
You shoot an arrow.
The arrow hits the orc but does no damage.
The orc is severely wounded.
The orc hits you with a +1 short sword of electrocution.
The orc closely misses you.
You shoot an arrow. The arrow hits the orc.
You kill the orc!
The orc hits you but does no damage.
You shoot an arrow. The arrow hits the orc.
The orc is heavily wounded.
The orc hits you but does no damage.
You are electrocuted!
You shoot an arrow. The arrow barely misses the orc.
The orc hits you but does no damage.
You shoot an arrow. The arrow hits the orc.
The orc is almost dead.
The orc barely misses you.
You shoot an arrow. The arrow barely misses the orc.
The orc hits you with a +1 short sword of electrocution.
You die...

#.##....######
#####.##.........<
#.......)...#####.
#.###.#####.# #.
#.# #.#####.# #.
#.# #.......# #.
#.# ######### #.
#.# #. #@# ##
.......)o..#
....##....!..# ##
#.....### .......#
#.........
#.##.##.##. #. ..
..


You could see an orc.

Vanquished Creatures
  2 adders (D:2)
  A worm (D:2)
  3 orcs (D:3)
  8 bats
  4 endoplasms
  2 giant cockroaches (D:2)
  4 goblins
  3 hobgoblins (D:1)
  3 jackals (D:1)
  A quokka (D:1)
  5 ball pythons
  A frilled lizard (D:2)
  7 kobolds
  4 rats
48 creatures vanquished.

Notes
Turn   | Place    | Note
-------+----------+-------------------------------------------
     0 | D:1      | qw the Deep Elf Hunter began the quest for the Orb.
     0 | D:1      | Reached XP level 1. HP: 12/12 MP: 3/3
     0 | D:1      | 0 ||| qw: Version: 0.3-a-22-g0ed2b0b
     0 | D:1      | 0 ||| qw: Game counter: 5203
     0 | D:1      | 0 ||| qw: Melee chars always use a shield: true
     0 | D:1      | 0 ||| qw: God list: Okawaru
     0 | D:1      | 0 ||| qw: Allow faded altars: false
     0 | D:1      | 0 ||| qw: Do Orc after clearing Dungeon:15 true
     0 | D:1      | 0 ||| qw: Do second Lair branch before Depths: true
     0 | D:1      | 0 ||| qw: Lair rune preference: random
     0 | D:1      | 0 ||| qw: Goals: Normal
     0 | D:1      | 0 ||| PLANNING D:1-11
   104 | D:1      | Reached XP level 2. HP: 16/16 MP: 4/4
   110 | D:1      | Reached skill level 6 in Ranged Weapons
   498 | D:1      | 498 ||| Stepping ~*~*~tactically~*~*~ (water).
   671 | D:1      | Reached XP level 3. HP: 13/20 MP: 5/5
  1067 | D:1      | 1067 ||| UPGRADING to +3 leather armour.
  1077 | D:1      | 1077 ||| DROPPING +0 leather armour.
  1078 | D:1      | 1078 ||| UPGRADING to ring of poison resistance.
  1079 | D:1      | 1079 ||| READING scroll labelled KUKUCI MOCA.
  1083 | D:1      | 1083 ||| DROPPING scroll of butterflies.
  1265 | D:2      | Reached skill level 7 in Ranged Weapons
  1489 | D:2      | Reached XP level 4. HP: 25/25 MP: 6/6
  1682 | D:2      | 1682 ||| UPGRADING to ring of willpower.
  1683 | D:2      | 1683 ||| READING scroll labelled FAWUTA BAONUEXYQY.
  1684 | D:2      | 1684 ||| READING scroll labelled JIRISA METTAZU.
  1685 | D:2      | 1685 ||| READING 4 scrolls labelled XEGUMO DAECHU.
  1686 | D:2      | 1686 ||| READING 3 scrolls of identify.
  1686 | D:2      | 1686 ||| IDENTIFYING emerald potion
  1687 | D:2      | 1687 ||| READING 2 scrolls of identify.
  1687 | D:2      | 1687 ||| IDENTIFYING bubbling black potion
  1688 | D:2      | 1688 ||| DROPPING potion of berserk rage.
  1785 | D:3      | HP: 1/25 [orc/+1 short sword of electrocution (9)]
  1788 | D:3      | Slain by an orc

Levels and vault maps discovered:
D:1:      dpeg_arrival_three_same_balls, layout_basic, nicolae_hexahallways,
          hangedman_abyss_or_decor_lesser_grid, fountainhead,
          hangedman_decor_points
D:2:      layout_loops_ring
D:3:      layout_loops_cross

Skill      XL: |  1  2  3 |
---------------+----------+-----
Ranged Weapons | 6 7 |  7.5
Fighting       | |  1.5
Dodging        | |  2.4
Stealth        | |  1.2

Action                     |  1- 3 |  4- 6 || total
---------------------------+-------+-------++-------
   Fire: Shortbow          |   116 |    24 ||   140
    Use: Scroll            |     1 |     5 ||     6
 Armour: Leather armour    |    13 |     9 ||    22
  Dodge: Dodged            |    29 |    10 ||    39

Table legend:
 A = Non-vault XP
 B = Vault XP
 C = Vault XP percentage of total XP
 D = Non-vault monster count
 E = Vault monster count
 F = Vault count percentage of total count
                 A         B        C        D         E       F
            +---------+---------+-------+---------+---------+-------
      Total |     109 |       0 |   0.0 |      48 |       0 |   0.0
            +---------+---------+-------+---------+---------+-------
        D:1 |      50 |       0 |   0.0 |      29 |       0 |   0.0
        D:2 |      49 |       0 |   0.0 |      15 |       0 |   0.0
        D:3 |      10 |       0 |   0.0 |       4 |       0 |   0.0
            +---------+---------+-------+---------+---------+-------
